 Seeded DCSS version 0.30-a0-859-gf88a04b62d (webtiles) character file.

Game seed: 14825015123840079673 (custom seed)

267 Darius099 the Ruffian (level 6, -1/59 HPs)
             Began as a Troll Monk on Mar 7, 2023.
             Slain by a gnoll
             ... wielding a +0 flail
              (8 damage)
             ... on level 4 of the Dungeon.
             The game lasted 00:02:41 (1854 turns).

Darius099 the Ruffian (Troll Monk)                  Turns: 1854, Time: 00:02:42

Health: -1/59      AC:  4    Str: 20    XL:     6   Next: 0%
Magic:  5/5        EV: 10    Int:  6    God:
Gold:   147        SH:  0    Dex: 14    Spells: 5/5 levels left

rFire   . . .      SeeInvis +      - Unarmed
rCold   . . .      Faith    .    (no shield)
rNeg    . . .      Spirit   .    a - +0 robe
rPois   .          Reflect  .    (helmet restricted)
rElec   .          Rampage  .    (no cloak)
rCorr   .                        (gloves unavailable)
Will    +....                    (boots unavailable)
Stlth   +                        g - amulet of regeneration
HPRegen 1.89/turn                q - ring of willpower
MPRegen 0.09/turn                m - ring of see invisible

@: confused, ambrosia-drunk
A: large, unfitting armour, claws 3, regeneration 1, shaggy fur 1, tough skin 1
a: no special abilities


You were on level 4 of the Dungeon.
You visited 1 branch of the dungeon, and saw 4 of its levels.

You collected 147 gold pieces.

Inventory:

Armour
 a - a +0 robe (worn)
Jewellery
 g - an amulet of regeneration (around neck)
 m - a ring of see invisible (right claw)
 q - a ring of willpower (left claw)
 r - a ring of willpower
 u - a +6 ring of dexterity
Wands
 t - a wand of digging (3)
Scrolls
 c - 2 scrolls of teleportation {unknown}
 d - a scroll of identify {unknown}
 i - 4 scrolls of blinking {unknown}
 j - 2 scrolls of brand weapon {unknown}
 l - a scroll of vulnerability {unknown}
 p - a scroll of amnesia {unknown}
Potions
 e - a potion of flight {unknown}
 f - 2 potions of attraction {unknown}
 h - 2 potions of heal wounds {unknown}
 k - 2 potions of brilliance {unknown}
 n - 2 potions of lignification {unknown}
 o - a potion of degeneration {unknown}
 s - a potion of might {unknown}


   Skills:
 - Level 2.5 Fighting
 - Level 2.5 Dodging
 - Level 1.1 Stealth
 + Level 6.5 Unarmed Combat


You had 5 spell levels left.
You didn't know any spells.
Your spell library contained the following spells:

 Spells                   Type           Power      Damage    Failure   Level
 Ozocubu's Armour         Ice            0%         N/A       83%         3
 Ozocubu's Refrigeration  Ice            0%         4d7       100%        7


Dungeon Overview and Level Annotations

Branches:
Dungeon (4/15)
 Temple: D:4-7

Altars:
Ru


Innate Abilities, Weirdness & Mutations

You are too large for most types of armour.
You have claws for hands.
Your natural rate of healing is unusually fast.
You are covered in fur. (AC +1)
You have tough skin. (AC +1)


Message History

The gnoll hits you from afar with a +0 spear.
You claw the gnoll!
The gnoll is almost dead.
The gnoll hits you with a +0 halberd. The gnoll barely misses you.
You claw the gnoll!
You kill the gnoll!
The gnoll closely misses you.
You have reached level 6!
You feel stronger.
You scratch the gnoll.
The gnoll is moderately wounded.
The gnoll hits you from afar with a +0 spear.
The gnoll hits you from afar with a +0 spear!
You barely miss the gnoll.
The gnoll is moderately wounded.
The gnoll hits you with a +0 flail!
You claw the gnoll!
The gnoll is almost dead.
The gnoll barely misses you.
The gnoll hits you from afar with a +0 spear. x2
* * * LOW HITPOINT WARNING * * *
You closely miss the gnoll.
The gnoll is almost dead.
The gnoll hits you with a +0 flail.
* * * LOW HITPOINT WARNING * * *
The gnoll closely misses you. x2
You closely miss the gnoll.
The gnoll is almost dead.
The gnoll hits you with a +0 flail!
* * * LOW HITPOINT WARNING * * *
The gnoll hits you from afar with a +0 spear.
* * * LOW HITPOINT WARNING * * *
The gnoll closely misses you.
You are confused.
You feel invigorated. The gnoll barely misses you.
The gnoll hits you from afar with a +0 spear.
* * * LOW HITPOINT WARNING * * *
The gnoll closely misses you.
You bump into the rock wall.
The gnoll hits you with a +0 flail!
You die...

..#### #...##......
#....## #...######## #
#.#...# #...# #.. ..
#.#.....###...######..
...#.#.....#.....##......
.)....)....#.##'###.##>##
#....gg.#.#......#....
#..#g...#.#####..#..##
#..##@.##.# #..#..#
#..#.(!##.# #..#..#
#.....###.# #..####.
.....#..#.†.# #.......
..####.##.#######.#####.
. #....#.....#.#...#.
######.......#.....
#.......##†##.
#.......†..#..


You could see 3 gnolls.

Vanquished Creatures
  Jessica (D:2)
  Ijyb (D:3)
  2 iguanas (D:4)
  2 orc wizards (D:4)
  A gnoll (D:4)
  4 adders
  3 dart slugs
  4 orcs (D:4)
  An endoplasm (D:1)
  A giant cockroach (D:2)
  2 goblins
  8 hobgoblins
  11 kobolds
  4 quokkas
  5 ball pythons
  5 bats
  2 frilled lizards (D:3)
  5 rats
62 creatures vanquished.

Notes
Turn   | Place    | Note
-------+----------+-------------------------------------------
     0 | D:1      | Darius099 the Troll Monk began the quest for the Orb.
     0 | D:1      | Reached XP level 1. HP: 22/22 MP: 0/0
   238 | D:1      | Reached XP level 2. HP: 29/29 MP: 1/1
   309 | D:1      | You fall into a shaft and drop 1 floor!
   386 | D:2      | Reached XP level 3. HP: 36/36 MP: 2/2
   451 | D:2      | Noticed Jessica
   458 | D:2      | Killed Jessica
   459 | D:2      | Reached skill level 4 in Unarmed Combat
   892 | D:1      | Reached XP level 4. HP: 44/44 MP: 3/3
   956 | D:1      | Found a faded altar of an unknown god.
  1409 | D:3      | Found a sacrificial altar of Ru.
  1544 | D:3      | Noticed Ijyb
  1554 | D:3      | Killed Ijyb
  1555 | D:3      | Reached skill level 5 in Unarmed Combat
  1695 | D:4      | Reached XP level 5. HP: 24/50 MP: 4/4
  1745 | D:4      | Reached skill level 6 in Unarmed Combat
  1846 | D:4      | Reached XP level 6. HP: 34/59 MP: 5/5
  1852 | D:4      | HP: 1/59 [gnoll/+0 spear (3)]
  1854 | D:4      | Slain by a gnoll

Illustrated notes

Levels and vault maps discovered:
D:1:      kennysheep_arrival_seaside, layout_loops_cross, basic_ecumenical_altar
D:2:      layout_rooms, uniq_jessica
D:3:      layout_rooms, old_standard_altar, serial_glass, glass_columns_a,
          glass_columns_a, uniq_ijyb
D:4:      layout_basic, mainiacjoe_overflow_surrounded_room

Skill      XL: |  1  2  3  4  5 |
---------------+----------------+-----
Unarmed Combat | 4 5 6 |  6.5
Fighting       | |  2.5
Dodging        | |  2.5
Stealth        | |  1.1

Action                     |  1- 3 |  4- 6 || total
---------------------------+-------+-------++-------
  Melee: Unarmed           |    61 |   103 ||   164
         Punch             |     2 |     1 ||     3
    Use: Potion            |       |     1 ||     1
   Stab: Sleeping          |     2 |     4 ||     6
 Armour: Robe              |    22 |    16 ||    38
  Dodge: Dodged            |    28 |    52 ||    80

Table legend: (Time is in decaauts)
 A = Elapsed time spent in this place.
 B = Non-inter-level travel time spent in this place.
 C = Inter-level travel time spent in this place.
 D = Time resting spent in this place.
 E = Time spent auto-exploring this place.
 F = Levels seen in this place.
 G = Mean time per level.
                   A        B        C        D        E       F      G
               +--------+--------+--------+--------+--------+-----+--------+
         Total |   1838 |   1763 |     75 |      3 |   1342 |   4 |  459.5 |
       Dungeon |   1838 |   1763 |     75 |      3 |   1342 |   4 |  459.5 |
               +--------+--------+--------+--------+--------+-----+--------+

Top non-repeatable levels by time:
     D:1: 729 daAuts
     D:3: 495 daAuts
     D:2: 421 daAuts
     D:4: 192 daAuts
